% Time on Ice - ANAHEIM OUTLAWS
Lines # - Real PCT - Wanted PCT - Time Play
Normal Forward
1 - 27% - 29% - 11:18
2 - 33% - 29% - 14:06
3 - 27% - 25% - 11:12
4 - 13% - 17% - 5:33
Normal Defense
1 - 33% - 35% - 13:43
2 - 34% - 35% - 14:21
3 - 33% - 20% - 13:46
4 - 1% - 10% - 0:19
PP Forward
1 - 53% - 50% - 5:14
2 - 47% - 50% - 4:41
PP Defense
1 - 50% - 50% - 4:57
2 - 50% - 50% - 4:58
PK Forward
1 - 52% - 50% - 3:07
2 - 48% - 50% - 2:50
PK Defense
1 - 47% - 50% - 2:47
2 - 53% - 50% - 3:10
PK3 Forward
1 - 0% - 55%
2 - 0% - 45%
PK3 Defense
1 - 0% - 55%
2 - 0% - 45%
44 Forward
1 - 42% - 50% - 0:50
2 - 58% - 50% - 1:09
44 Defense
1 - 58% - 50% - 1:09
2 - 42% - 50% - 0:50
Last Minute Offensive  - 0:00
Last Minute Defensive  - 0:00
Total
Forward - 60:00
Defense - 60:00
% Time on Ice - BANFF WOLVES
Lines # - Real PCT - Wanted PCT - Time Play
Normal Forward
1 - 24% - 26% - 10:16
2 - 25% - 25% - 10:27
3 - 26% - 25% - 10:59
4 - 25% - 24% - 10:27
Normal Defense
1 - 36% - 36% - 15:16
2 - 28% - 31% - 11:53
3 - 32% - 23% - 13:39
4 - 3% - 10% - 1:21
PP Forward
1 - 36% - 55% - 2:10
2 - 64% - 45% - 3:47
PP Defense
1 - 32% - 55% - 1:56
2 - 68% - 45% - 4:01
PK Forward
1 - 54% - 55% - 5:23
2 - 46% - 45% - 4:32
PK Defense
1 - 49% - 55% - 4:52
2 - 51% - 45% - 5:03
PK3 Forward
1 - 0% - 55%
2 - 0% - 45%
PK3 Defense
1 - 0% - 55%
2 - 0% - 45%
44 Forward
1 - 53% - 55% - 1:03
2 - 47% - 45% - 0:56
44 Defense
1 - 100% - 55% - 1:59
2 - 0% - 45% - 0:00
Last Minute Offensive  - 0:00
Last Minute Defensive  - 0:00
Total
Forward - 60:00
Defense - 60:00
Play-by-Play 1st period 0:01 of 1st period - John Tavares wins face-off versus Mark Jankowski in neutral zone. 0:08 of 1st period - Shot by John Tavares. 0:08 of 1st period - Deflect By Jonathan Audy-Marchessault. 0:08 of 1st period - Shot Blocked by Mark Jankowski. 0:18 of 1st period - Shot by John Tavares. 0:18 of 1st period - Shot Misses the Net. 0:40 of 1st period - Minor Penalty to Mark Borowiecki for Roughing. 0:41 of 1st period - Jonathan Drouin wins face-off versus Josh Archibald in ANAHEIM OUTLAWS zone. 0:41 of 1st period - Jonathan Drouin is hit by Josh Archibald. 1:47 of 1st period - Shot by Nikita Zaitsev. 1:47 of 1st period - Shot Blocked by Robert Bortuzzo. 4:46 of 1st period - Taylor Fedun is hit by Nicholas Ritchie and loses puck. 4:50 of 1st period - Icing by Alex Biega. 4:51 of 1st period - Josh Archibald wins face-off versus John Tavares in BANFF WOLVES zone. 5:01 of 1st period - Icing by Mark Borowiecki. 5:02 of 1st period - Max McCormick wins face-off versus John Tavares in ANAHEIM OUTLAWS zone. 5:09 of 1st period - Shot by Miles Wood. 5:09 of 1st period - Deflect By Tyler Toffoli. 5:09 of 1st period - Stopped by Matthew Murray without a rebound. 5:10 of 1st period - Matt Duchene wins face-off versus Max McCormick in ANAHEIM OUTLAWS zone. 5:31 of 1st period - Shot by Miles Wood. 5:31 of 1st period - Shot Blocked by Morgan Rielly. 5:45 of 1st period - Shot by Jonathan Drouin. 5:45 of 1st period - Stopped by Pavel Francouz without a rebound. 5:46 of 1st period - Josh Archibald wins face-off versus Kevin Fiala in BANFF WOLVES zone. 5:48 of 1st period - Icing by John Hayden. 5:49 of 1st period - John Tavares wins face-off versus Josh Archibald in BANFF WOLVES zone. 6:04 of 1st period - Shot by Kevin Fiala. 6:04 of 1st period - Shot Misses the Net. 6:06 of 1st period - Shot by Kevin Fiala. 6:06 of 1st period - Shot Misses the Net. 6:08 of 1st period - Shot by John Tavares. 6:08 of 1st period - Shot Misses the Net. 6:10 of 1st period - Shot by Jonathan Audy-Marchessault. 6:10 of 1st period - Shot Misses the Net. 6:50 of 1st period - Minor Penalty to Josh Teves for Holding. 6:50 of 1st period - Minor Penalty to Mark Borowiecki for Hooking. 6:51 of 1st period - Jonathan Drouin wins face-off versus Tyler Toffoli in ANAHEIM OUTLAWS zone. 7:10 of 1st period - Shot by Matt Duchene. 7:10 of 1st period - Shot Misses the Net. 7:12 of 1st period - Shot by Jonathan Drouin. 7:12 of 1st period - Shot Misses the Net. 7:16 of 1st period - Shot by Matt Duchene. 7:16 of 1st period - Goal by Matt Duchene - ANAHEIM OUTLAWS : 1 - BANFF WOLVES : 0. 7:17 of 1st period - Jonathan Audy-Marchessault wins face-off versus Josh Archibald in neutral zone. 7:23 of 1st period - Icing by Alex Biega. 7:24 of 1st period - John Tavares wins face-off versus Markus Granlund in BANFF WOLVES zone. 7:32 of 1st period - Shot by John Tavares. 7:32 of 1st period - Shot Blocked by Markus Granlund. 7:34 of 1st period - Shot by Jonathan Audy-Marchessault. 7:34 of 1st period - Shot Misses the Net. 8:25 of 1st period - Shot by Miro Heiskanen. 8:25 of 1st period - Shot Misses the Net. 9:17 of 1st period - Off-side. 9:18 of 1st period - Michael Rasmussen wins face-off versus Mark Jankowski in neutral zone. 9:36 of 1st period - John Tavares is hit by Mark Jankowski and loses puck. 10:09 of 1st period - Mark Jankowski is hit by Ryan Callahan and loses puck. 10:25 of 1st period - Shot by Jonathan Drouin. 10:25 of 1st period - Shot Misses the Net. 10:27 of 1st period - Shot by Jonathan Drouin. 10:27 of 1st period - Shot Blocked by Nikita Zaitsev. 10:29 of 1st period - Shot by Matt Duchene. 10:29 of 1st period - Shot Blocked by Nikita Zaitsev. 10:31 of 1st period - Shot by Matt Duchene. 10:31 of 1st period - Shot Misses the Net. 10:33 of 1st period - Shot by Nicholas Ritchie. 10:33 of 1st period - Deflect By Matt Duchene. 10:33 of 1st period - Shot Misses the Net. 10:35 of 1st period - Shot by Jonathan Drouin. 10:35 of 1st period - Stopped by Pavel Francouz without a rebound. 10:36 of 1st period - Adrian Kempe wins face-off versus Max McCormick in BANFF WOLVES zone. 11:00 of 1st period - Minor Penalty to Thomas Hickey for Roughing. 11:01 of 1st period - Josh Archibald wins face-off versus Jonathan Audy-Marchessault in ANAHEIM OUTLAWS zone. 11:27 of 1st period - Shot by Josh Archibald. 11:27 of 1st period - Stopped by Matthew Murray without a rebound. 11:28 of 1st period - Jonathan Drouin wins face-off versus Mark Jankowski in ANAHEIM OUTLAWS zone. 12:18 of 1st period - Icing by Tyler Toffoli. 12:19 of 1st period - Jonathan Drouin wins face-off versus Josh Archibald in BANFF WOLVES zone. 13:00 of 1st period - Jonathan Audy-Marchessault is hit by Josh Teves and loses puck. 13:06 of 1st period - Icing by Morgan Rielly. 13:07 of 1st period - Adrian Kempe wins face-off versus Tanner Kero in ANAHEIM OUTLAWS zone. 13:22 of 1st period - Jack Eichel is hit by Richard Panik and loses puck. 13:43 of 1st period - Michael Grabner is hit by Josh Teves. 13:56 of 1st period - Icing by Miro Heiskanen. 13:57 of 1st period - Matt Duchene wins face-off versus Mark Letestu in BANFF WOLVES zone. 13:58 of 1st period - Shot by Jonathan Drouin. 13:58 of 1st period - Stopped by Pavel Francouz without a rebound. 13:59 of 1st period - Max McCormick wins face-off versus Matt Duchene in BANFF WOLVES zone. 14:03 of 1st period - Miles Wood is hit by Nicholas Ritchie. 14:11 of 1st period - Shot by Tyler Toffoli. 14:11 of 1st period - Stopped by Matthew Murray without a rebound. 14:12 of 1st period - John Tavares wins face-off versus Josh Archibald in ANAHEIM OUTLAWS zone. 14:27 of 1st period - John Tavares is hit by John Hayden and loses puck. 15:29 of 1st period - Shot by Tyler Toffoli. 15:29 of 1st period - Stopped by Matthew Murray without a rebound. 15:30 of 1st period - Mark Letestu wins face-off versus Adrian Kempe in ANAHEIM OUTLAWS zone. 15:42 of 1st period - Icing by Michael Grabner. 15:43 of 1st period - Max McCormick wins face-off versus Richard Panik in ANAHEIM OUTLAWS zone. 17:00 of 1st period - Shot by Nicholas Ritchie. 17:00 of 1st period - Shot Misses the Net. 18:01 of 1st period - Shot by Jonathan Audy-Marchessault. 18:01 of 1st period - Stopped by Pavel Francouz without a rebound. 18:02 of 1st period - Adrian Kempe wins face-off versus Josh Archibald in BANFF WOLVES zone. 18:07 of 1st period - Shot by Richard Panik. 18:07 of 1st period - Shot Misses the Net. 18:20 of 1st period - Icing by Miro Heiskanen. 18:21 of 1st period - John Tavares wins face-off versus Josh Archibald in BANFF WOLVES zone. 18:24 of 1st period - Shot by Kevin Fiala. 18:24 of 1st period - Stopped by Pavel Francouz without a rebound. 18:25 of 1st period - John Tavares wins face-off versus Max McCormick in BANFF WOLVES zone. 18:34 of 1st period - Shot by Jonathan Audy-Marchessault. 18:34 of 1st period - Goal by Jonathan Audy-Marchessault - ANAHEIM OUTLAWS : 2 - BANFF WOLVES : 0. 18:35 of 1st period - Josh Archibald wins face-off versus John Tavares in neutral zone. 19:00 of 1st period - Shot by John Hayden. 19:00 of 1st period - Stopped by Matthew Murray with a rebound. 19:07 of 1st period - Off-side. 19:08 of 1st period - Matt Duchene wins face-off versus Max McCormick in neutral zone. 19:31 of 1st period - Matt Duchene is hit by Riley Stillman. 19:34 of 1st period - Minor Penalty to Riley Stillman for Holding. 19:35 of 1st period - Markus Granlund wins face-off versus John Tavares in BANFF WOLVES zone. 19:50 of 1st period - Shot by Richard Panik. 19:50 of 1st period - Shot Misses the Net. Goals for this period are 2 for ANAHEIM OUTLAWS vs 0 for BANFF WOLVES. Shots for this period are 7 for ANAHEIM OUTLAWS vs 5 for BANFF WOLVES. 2nd period 0:01 of 2nd period - Markus Granlund wins face-off versus Jonathan Drouin in neutral zone. 0:35 of 2nd period - Shot by Matt Duchene. 0:35 of 2nd period - Shot Misses the Net. 0:54 of 2nd period - Icing by Duncan Keith. 0:55 of 2nd period - John Tavares wins face-off versus Markus Granlund in ANAHEIM OUTLAWS zone. 1:18 of 2nd period - Shot by John Tavares. 1:18 of 2nd period - Shot Misses the Net. 1:20 of 2nd period - Shot by Jonathan Audy-Marchessault. 1:20 of 2nd period - Shot Blocked by Mark Jankowski. 1:22 of 2nd period - Shot by Duncan Keith. 1:22 of 2nd period - Shot Blocked by Mark Jankowski. 1:24 of 2nd period - Shot by Mark Borowiecki. 1:24 of 2nd period - Shot Misses the Net. 1:35 of 2nd period - Jonathan Audy-Marchessault is hit by Nikita Zaitsev. 1:38 of 2nd period - Matt Duchene is hit by Nikita Zaitsev and loses puck. 1:43 of 2nd period - Shot by Jonathan Drouin. 1:43 of 2nd period - Shot Misses the Net. 1:45 of 2nd period - Shot by Thomas Hickey. 1:45 of 2nd period - Shot Misses the Net. 1:51 of 2nd period - Shot by Matt Duchene. 1:51 of 2nd period - Deflect By Jonathan Drouin. 1:51 of 2nd period - Shot Blocked by Riley Stillman. 1:52 of 2nd period - Minor Penalty to Riley Stillman for Holding. 1:53 of 2nd period - Matt Duchene wins face-off versus Tyler Toffoli in BANFF WOLVES zone. 2:59 of 2nd period - Shot by Duncan Keith. 2:59 of 2nd period - Shot Misses the Net. 3:26 of 2nd period - Shot by Kevin Fiala. 3:26 of 2nd period - Shot Blocked by Nikita Zaitsev. 3:28 of 2nd period - Shot by Robert Bortuzzo. 3:28 of 2nd period - Stopped by Pavel Francouz with a rebound. 3:40 of 2nd period - Shot by Matt Duchene. 3:40 of 2nd period - Shot Misses the Net. 3:42 of 2nd period - Shot by Maxime Lajoie. 3:42 of 2nd period - Stopped by Pavel Francouz without a rebound. 3:43 of 2nd period - Markus Granlund wins face-off versus John Tavares in BANFF WOLVES zone. 3:58 of 2nd period - Shot by Jack Eichel. 3:58 of 2nd period - Shot Misses the Net. 4:00 of 2nd period - Shot by Mark Letestu. 4:00 of 2nd period - Stopped by Matthew Murray without a rebound. 4:01 of 2nd period - Mark Jankowski wins face-off versus Adrian Kempe in ANAHEIM OUTLAWS zone. 4:22 of 2nd period - Shot by Richard Panik. 4:22 of 2nd peri